 Dungeon Crawl Stone Soup version 0.28-a0-1130-gc51a68064b (webtiles) character file.

Game seed: 13916522533267288903

0 spiderkeys the Skirmisher (level 1, 0/20 HPs)
             Began as a Djinni Abyssal Knight on Dec 12, 2021.
             Was a Follower of Lugonu.
             Constricted to death by a starspawn tentacle (2 damage)
             ... attached to a tentacled starspawn
             ... on level 1 of the Abyss.
             The game lasted 00:00:15 (77 turns).

spiderkeys the Skirmisher (Djinni Abyssal Knight)     Turns: 77, Time: 00:00:15

Health: 0/20       AC:  3    Str: 12    XL:     1   Next: 0%
Gold:   0          EV:  9    Int: 11    God:    Lugonu [*.....] SH:  0 Dex: 13

rFire   + + .      SeeInvis .   a - +1 falchion
rCold   x . .      Faith    .   (no shield)
rNeg    . . .      Spirit   .   b - +0 leather armour
rPois   ∞          Reflect  .   (no helmet)
rElec   .          Harm     .   (no cloak)
rCorr   .          Rampage  .   (no gloves)
Will    .....                   (boots unavailable)
Stlth   +.........              (no amulet)
HPRegen 0.06/turn               (no ring)
MPRegen 0.00/turn               (no ring)

@: flying, constricted
A: sickness immunity, fire resistance 2, cold vulnerability 1, float, innate
caster, hp casting, extra vitality 1
a: Renounce Religion, Depart the Abyss


You were on level 1 of the Abyss.
You worshipped Lugonu.
Lugonu was aware of your devotion.
You visited 0 branches of the dungeon, and saw 0 of its levels.
You visited the Abyss 1 time.


Innate Abilities, Weirdness & Mutations

You are immune to sickness and miasma.
You are immune to poison.
Your flesh is very heat resistant. (rF++)
You are vulnerable to cold. (rC-)
You float through the air rather than walking.
You learn spells naturally, not from books.
Your magical power is your life essence.
You have superior vitality. (+4 HP)


   Skills:
 + Level 3.0 Fighting
 + Level 1.7 Long Blades
 + Level 1.0 Armour
 + Level 2.1 Dodging
 + Level 1.7 Invocations


You couldn't memorise any spells.
You didn't know any spells.
Your spell library was empty.

Inventory:

Hand Weapons
 a - a +1 falchion (weapon)
Missiles
 d - 12 poisoned darts
Armour
 b - a +0 leather armour (worn)
Scrolls
 c - a scroll of teleportation {unknown}

Dungeon Overview and Level Annotations

Branches:
Dungeon (0/15)

Altars:

#..#........#.....#
#.
§.#..#......#...#.
###/#..##..#.#§#.###
#.##....##...#. .
#.#.#│...## ...#
#>│##│..###.##§...#
##│.X#..###.. ##.#
#.w#..#..#.. .# .
#.#@X...#...#.#
#..###...##.## ##.
..##....#.. .# .#.#
##. #. # #. .. . .#
.


You could see a tentacled starspawn, a large abomination and a starspawn
tentacle.


Message History

🤖 Initializing magus.rc ... ✅ Successfully initialized magus.rc [v1.9.10] Welcome, spiderkeys the Djinni Abyssal Knight.
Everyone else who sought the Orb of Zot has failed.
Will you be different?
Lugonu says: Depart the Abyss and spread corruption, my servant! (use the ability menu to exit the Abyss) Press ? for a list of commands and other information.
Found a corrupted altar of Lugonu.
Found a gateway leading out of the Abyss.
c - a scroll labelled PUUTAI ORYU
d - 12 poisoned darts Unknown command.
Unknown command.
A tentacled starspawn comes into view.
Found a gateway leading deeper into the Abyss.
A sun demon comes into view.
Unknown command.
A tentacle flies out from the starspawn's body!
A starspawn tentacle comes into view.
The tentacled starspawn bites you!
Ouch! That really hurt!
* * * LOW HITPOINT WARNING * * *
The tentacled starspawn barely misses you. 😨 HP[-12]
You take 12 damage, and now have 8/20 hp.
MASSIVE DAMAGE!! (PAUSE)
The starspawn tentacle grabs you. The starspawn tentacle constricts you.
* * * LOW HITPOINT WARNING * * *
A starspawn tentacle comes into view. 😨 HP[-2]
You take 2 damage, and now have 6/20 hp.
Unknown command.
You escape the starspawn tentacle's grasp.
A large abomination comes into view.
The starspawn tentacle grabs you. The starspawn tentacle constricts you.
* * * LOW HITPOINT WARNING * * *
😱 HP[-2]
You take 2 damage, and now have 4/20 hp.
The starspawn tentacle's grasp on you weakens, but your attempt to escape fails.
The starspawn tentacle loses its grip on you.
The tentacle pulls you backwards! The starspawn tentacle grabs you.
The starspawn tentacle constricts you.
* * * LOW HITPOINT WARNING * * *
The large abomination barely misses you. 😱 HP[-2]
You take 2 damage, and now have 2/20 hp.
You escape the starspawn tentacle's grasp.
A tentacle flies out from the starspawn's body!
The starspawn tentacle barely misses you.
A starspawn tentacle comes into view.
The starspawn tentacle grabs you. The starspawn tentacle constricts you.
You die...

Action                   || total
-------------------------++-------
Dodge: Dodged            ||     3

Levels and vault maps discovered:
Abyss:1:  base: Temple, guppyfry_abyss_exit_imp_island, base:
Temple

Notes
Turn   | Place    | Note
-------+----------+-------------------------------------------
     0 | Abyss:1  | spiderkeys the Djinni Abyssal Knight began the quest for
                  | the Orb.
     0 | Abyss:1  | Reached XP level 1. HP: 20/20 MP: 0/0
     0 | Abyss:1  | magus.rc [v1.9.10]
    69 | Abyss:1  | Noticed a tentacled starspawn
    70 | Abyss:1  | Noticed a sun demon
    73 | Abyss:1  | Noticed a large abomination
    74 | Abyss:1  | HP: 4/20 [constriction[a tentacled starspawn] (2)]
    77 | Abyss:1  | Constricted to death by a starspawn tentacle

Vanquished Creatures (others)
  2 starspawn tentacles (Abyss:1)
2 creatures vanquished.

Table legend:
 A = Non-vault XP
 B = Vault XP
 C = Vault XP percentage of total XP
 D = Non-vault monster count
 E = Vault monster count
 F = Vault count percentage of total count
                 A         B        C        D         E       F
            +---------+---------+-------+---------+---------+-------
      Total |       0 |       0 |   N/A |       0 |       0 |  -nan
            +---------+---------+-------+---------+---------+-------
            +---------+---------+-------+---------+---------+-------

Illustrated notes

Table legend: (Time is in decaauts)
 A = Elapsed time spent in this place.
 B = Non-inter-level travel time spent in this place.
 C = Inter-level travel time spent in this place.
 D = Time resting spent in this place.
 E = Time spent auto-exploring this place.
 F = Levels seen in this place.
 G = Mean time per level.
                   A        B        C        D        E       F      G
               +--------+--------+--------+--------+--------+-----+--------+
         Total |     77 |     77 |      0 |      0 |     65 |   1 |   77.0 |
         Abyss |     77 |     77 |      0 |      0 |     65 |   1 |   77.0 |
               +--------+--------+--------+--------+--------+-----+--------+

Top non-repeatable levels by time:
 Abyss:1: 77 daAuts
